 Dungeon Crawl Stone Soup version 0.24.0-125-gc4c63601f3 (webtiles) character file.

Game seed: 14229537519109303634, levelgen mode: deterministic

405 Jerry the Twirler (level 6, -4/51 HPs)
             Began as a Demigod Gladiator on Feb 20, 2020.
             Succumbed to Ijyb's poison gas
             ... on level 4 of the Dungeon.
             The game lasted 00:10:13 (2947 turns).

Jerry the Twirler (Demigod Gladiator)               Turns: 2947, Time: 00:10:14

Health: -4/51      AC:  4    Str: 21    XL:     6   Next: 30%
Magic:  2/8        EV: 13    Int: 12    God:
Gold:   130        SH:  0    Dex: 17    Spells: 5/5 levels left

rFire    . . .     SeeInvis .   a - +0 quarterstaff
rCold    . . .     Gourm    .   (shield currently unavailable)
rNeg     . . .     Faith    .   b - +0 leather armour
rPois    .         Spirit   +   c - +0 helmet
rElec    .         Reflect  .   i - scarf {Spirit}
rCorr    .         Harm     .   (no gloves)
MR       .....                  (no boots)
Stlth    ++........             (no amulet)
HPRegen  0.17/turn              (no ring)
MPRegen  0.11/turn              (no ring)

@: lethally poisoned (-4 -> -95)
A: high mp 1
a: no special abilities


You were on level 4 of the Dungeon.
You were not hungry.

You visited 1 branch of the dungeon, and saw 4 of its levels.

You collected 130 gold pieces.

Inventory:

Hand Weapons
 a - a +0 quarterstaff (weapon)
Missiles
 d - 2 throwing nets (quivered)
Armour
 b - a +0 leather armour (worn)
 c - a +0 helmet (worn)
 i - a scarf of spirit shield (worn)
Jewellery
 o - an uncursed ring of ice
Scrolls
 e - 3 scrolls of immolation {unknown}
 g - a scroll of magic mapping {unknown}
 h - 3 scrolls of teleportation {unknown}
 j - 3 scrolls of identify {unknown}
 l - 2 scrolls of remove curse {unknown}
Potions
 k - a potion of curing
 m - 2 potions of resistance {unknown}
 n - a potion of cancellation {unknown}
 p - a potion of agility {unknown}
Comestibles
 f - 5 rations
 q - 7 chunks of flesh


   Skills:
 + Level 3.2 Fighting
 * Level 4.8 Staves
 - Level 1.7 Throwing
 + Level 2.4 Armour
 - Level 2.6 Dodging
 + Level 2.7 Stealth


You had 5 spell levels left.
You didn't know any spells.
Your spell library contained the following spells:

 Spells                   Type           Power        Failure   Level  Hunger
 Corona                   Hex            #......      36%         1    ##.....
 Ensorcelled Hibernation  Hex/Ice        #.....       50%         2    ###....
 Confuse                  Hex            #.......     75%         3    ####...
 Dazzling Spray           Conj/Hex       #.....       75%         3    ####...
 Tukima's Dance           Hex            #.......     75%         3    ####...


Dungeon Overview and Level Annotations

Branches:
Dungeon (4/15)
 Temple: D:4-7

Annotations:
D:4 Ijyb


Innate Abilities, Weirdness & Mutations

You have an increased reservoir of magic. (+10% MP)


Message History

You are more poisoned.
You feel very sick.
Ijyb struggles against the net.
You hit Ijyb.
Ijyb is lightly wounded.
You are engulfed in poison gas.
You are more poisoned.
You feel very sick.
Ijyb struggles against the net.
You hit Ijyb but do no damage.
Ijyb is lightly wounded.
You are engulfed in poison gas.
You are more poisoned.
* * * LOW HITPOINT WARNING * * *
x2 You feel extremely sick.
Ijyb struggles against the net.
You hit Ijyb but do no damage.
Ijyb is lightly wounded.
You are engulfed in poison gas.
You are more poisoned.
* * * LOW HITPOINT WARNING * * *
You die...

.# #.# ## #.#
.............. #.......#
.#.## #.....>.+ ...#
#.......####§§#
#.......##g@§§##
#.......####§§§#
#.......# #.#§#
#.......####.#.#### ..
....................
#....#........###.#.####.
#..............##.#..#
#....########..##.##.#
#...............#.# ..


You could see Ijyb (caught).

Vanquished Creatures
  Sigmund (D:2)
  Blork the orc (D:4)
  3 gnolls (D:2)
  4 adders
  An ooze (D:3)
  An adder zombie (D:4)
  3 worms
  4 leopard geckos
  8 orcs
  5 giant cockroaches
  4 goblins
  11 hobgoblins
  6 jackals
  A quokka (D:3)
  2 ball pythons (D:2)
  9 bats
  3 frilled lizards
  10 kobolds
  6 rats
83 creatures vanquished.

Notes
Turn   | Place    | Note
-------+----------+-------------------------------------------
     0 | D:1      | Jerry the Demigod Gladiator began the quest for the Orb.
     0 | D:1      | Reached XP level 1. HP: 17/17 MP: 3/3
   189 | D:1      | Reached skill level 3 in Staves
   189 | D:1      | Reached XP level 2. HP: 24/24 MP: 4/4
   791 | D:2      | Reached skill level 1 in Stealth
   796 | D:2      | Reached XP level 3. HP: 15/29 MP: 3/5
   993 | D:2      | Reached skill level 1 in Armour
  1473 | D:2      | Found a faded altar of an unknown god.
  1671 | D:2      | Noticed Sigmund
  1681 | D:2      | Killed Sigmund
  1681 | D:2      | Reached skill level 4 in Staves
  1681 | D:2      | Reached XP level 4. HP: 25/37 MP: 3/6
  1681 | D:2      | Reached XP level 5. HP: 30/44 MP: 3/7
  2475 | D:3      | Reached XP level 6. HP: 51/51 MP: 8/8
  2842 | D:4      | Noticed Blork the orc
  2851 | D:4      | Killed Blork the orc
  2937 | D:4      | Noticed Ijyb
  2947 | D:4      | Succumbed to Ijyb's poison gas

Levels and vault maps discovered:
D:1:      dpeg_arrival_long_road, layout_loops_ring
D:2:      layout_rooms, chequers_ecumenical_altar_island, first_ration,
          uniq_sigmund
D:3:      layout_loops_ring, minmay_between
D:4:      layout_basic, uniq_blork_the_orc, uniq_ijyb, uniq_duvessa

Skill      XL: |  1  2  3  4  5 |
---------------+----------------+-----
Fighting       | 2 3 |  3.2
Staves         | 3 4 |  4.8
Stealth        | 1 2 |  2.7
Armour         | 2 |  2.4
Throwing       | |  1.7
Dodging        | |  2.6

Action                   |  1- 3 |  4- 6 || total
-------------------------+-------+-------++-------
Melee: Quarterstaff      |   131 |   146 ||   277
Throw: Throwing net      |       |     1 ||     1
  Use: Potion            |     1 |       ||     1
 Stab: Sleeping          |     1 |     5 ||     6
  Eat: Chunk             |     3 |     4 ||     7
Armor: Leather armour    |    34 |    24 ||    58
Dodge: Dodged            |    96 |   100 ||   196
